 Dungeon Sprint DCSS version 0.31-a0-331-geda263fcf1 (webtiles) character file.

Game seed: 17546601627065062474

519854 HallandMoats the End of an Era (level 20, 177/177 HPs)
             Began as a Demonspawn Monk on July 20, 2023.
             Was the Champion of Qazlal.
             Escaped with the Orb!
             The game lasted 00:27:11 (5526 turns).

HallandMoats the End of an Era (Demonspawn Monk)    Turns: 5526, Time: 00:27:11

Health: 177/177    AC: 51    Str: 35    XL:     20   Next: 2%
Magic:  37/37      EV: 18    Int:  6    God:    Qazlal [******]
Gold:   1369       SH: 45    Dex: 19    Spells: 19/19 levels left

rFire   + + +        B - +16 obsidian axe {drain, demonic, Mesm Drain Fly SInv}
rCold   + + +        C - +18 shield of the Gong {Loud rN+ Will+ rCorr EV-5}
rNeg    + . .        a - +12 gold dragon scales
rPois   +            K - +3 helmet of Coycsuv {Rampage}
rElec   +            w - +1 cloak {Will+}
rCorr   +            (gloves unavailable)
SInv    +            l - +2 pair of boots "Duob" {Drain Str+10 Int-4 SInv}
Will    +++..        I - amulet of Jealousy {Spirit Harm +Inv rC+++} Stlth
                     W - ring "Qemiv" {rElec rPois rF+ Str+3 Int-3 Dex+3}
HPRegen 0.49/turn    P - ring of the Princeling {rF+ rC+ Str+3}
MPRegen 0.25/turn

%: no teleportation, random rage (3%), harm (+30% outgoing, +20% incoming),
repel missiles, guardian spirit, rampage
@: flying, studying 2 skills
A: spiny 2, sanguine armour 3, demonic magic 3, demonic touch 3, berserk 1,
frail 1, inability to read after injury 1
0: Orb of Zot
a: Renounce Religion, Evoke Invisibility, Upheaval, Elemental Force, Disaster
Area


You escaped.
You worshipped Qazlal.
Qazlal was exalted by your worship.
You visited 1 branch You collected 1369 gold pieces.

Inventory:

Hand Weapons
 x - the +8 demon trident "Rift" {distort, reach+}
   (You found it in the Dungeon)
 B - the +16 obsidian axe (weapon) {drain, demonic, Mesm Drain Fly SInv}
   (You found it in the Dungeon)

   Mesm:      Its wielder is mesmerised by any visible foes, and it cannot be
   unequipped while any foes are visible.
   SInv:      It lets you see invisible.
   Fly:       It grants you flight.
   Drain:     It drains your maximum health when unequipped.
 E - the +8 Wrath of Trog {antimagic, *Rage Rampage}
   (You found it in the Dungeon)

   It causes slowness and exhaustion when equipped.
   It extends the wielder's berserk rage when killing foes.
   *Rage:     It berserks you when you make melee attacks (+50% chance).
   Rampage:   It bestows one free step when moving towards enemies.
 T - the +5 glaive of the Guard {elec, spectral, AC+5}
   (You found it in the Dungeon)

   AC:        It affects your AC (+5).
Armour
 a - +12 gold dragon scales (worn)
 l - the +2 pair of boots "Duob" (worn) {Drain Str+10 Int-4 SInv}
   (You found it in the Dungeon)

   Str:       It affects your strength (+10).
   Int:       It affects your intelligence (-4).
   SInv:      It lets you see invisible.
   Drain:     It drains your maximum health when unequipped.
 w - a +1 cloak of willpower (worn)
 C - the +18 shield of the Gong (worn) {Loud rN+ Will+ rCorr EV-5}
   (You found it in the Dungeon)

   Loud:      It is deafeningly noisy when blocking attacks.
   EV:        It affects your evasion (-5).
   rN:        It protects you from negative energy.
   rCorr:     It protects you from acid and corrosion.
   Will:      It increases your willpower.
 K - the +3 helmet of Coycsuv (worn) {Rampage}
   (You found it in the Dungeon)

   Rampage:   It bestows one free step when moving towards enemies.
 L - the +1 robe of Vines {NoPotionHeal Regen++++}
   (You found it in the Dungeon)

   NoPotionHeal: Its wearer cannot be healed by potions.
   Regen:     It increases your rate of health regeneration.
Jewellery
 z - the necklace of Bloodlust {Fury *Rage Will++ Int-3 Slay+6}
   (You found it in the Dungeon)

   [amulet of nothing]

   Fury:      It extends the wearer's berserk rage when killing foes.
   Int:       It affects your intelligence (-3).
   Slay:      It affects your accuracy & damage with ranged weapons and melee
   (+6).
   *Rage:     It berserks you when you make melee attacks (+50% chance).
   Will:      It greatly increases your willpower.
 I - the amulet of Jealousy (around neck) {Spirit Harm +Inv rC+++}
   (You found it in the Dungeon)

   [amulet of guardian spirit]

   It causes incoming damage to be divided between your reserves of health and
   magic.
   rC:        It renders you almost immune to cold.
   +Inv:      It lets you turn invisible.
   Harm:      It increases damage dealt and taken.
 P - the ring of the Princeling (right hand) {rF+ rC+ Str+3}
   (You found it in the Dungeon)

   [ring of protection from cold]

   Str:       It affects your strength (+3).
   rF:        It protects you from fire.
   rC:        It protects you from cold.
 W - the ring "Qemiv" (left hand) {rElec rPois rF+ Str+3 Int-3 Dex+3}
   (You found it in the Dungeon)

   [ring of protection from fire]

   Str:       It affects your strength (+3).
   Int:       It affects your intelligence (-3).
   Dex:       It affects your dexterity (+3).
   rF:        It protects you from fire.
   rElec:     It insulates you from electricity.
   rPois:     It protects you from poison.
Talismans
 J - a storm talisman
 O - a dragon-blood talisman
Wands
 r - a wand of mindburst (24)
 s - a wand of iceblast (30)
 t - a wand of quicksilver (31)
 v - a wand of polymorph (31)
 y - a wand of charming (54)
 D - a wand of digging (19)
 G - a wand of flame (87)
Scrolls
 j - 4 scrolls of blinking
 n - 4 scrolls of amnesia
 o - 7 scrolls of fog
 p - 5 scrolls of identify
 q - 2 scrolls of fear
 F - 5 scrolls of brand weapon
 S - 8 scrolls of enchant weapon
Potions
 b - 2 potions of brilliance
 c - a potion of ambrosia
 d - a potion of invisibility
 e - 10 potions of curing
 f - 14 potions of heal wounds
 g - 16 potions of haste
 h - 4 potions of magic
 i - 3 potions of berserk rage
 k - 4 potions of resistance
 m - 5 potions of might
Miscellaneous
 u - a phantom mirror


   Skills:
 O Level 27 Fighting
 O Level 27 Axes
 O Level 27 Armour
 O Level 27 Dodging
 + Level 9.8 Stealth
 O Level 27 Shields
 O Level 27 Invocations
 O Level 27 Shapeshifting


You had 19 spell levels left.
You didn't know any spells.
Your spell library contained the following spells:

 Spells                   Type           Power      Damage    Failure   Level
 Apportation              Tloc           0%         N/A       91%         1
 Foxfire                  Conj/Fire      0%         2x1d4     91%         1
 Kiss of Death            Conj/Necr      0%         2d5       91%         1
 Magic Dart               Conj           0%         1d3       91%         1
 Necrotise                Necr           0%         1d4       91%         1
 Sandblast                Erth           0%         2d4       91%         1
 Shock                    Conj/Air       0%         1d3       91%         1
 Slow                     Hex            0%         N/A       91%         1
 Sting                    Tmut/Pois      0%         1d3       91%         1
 Summon Small Mammal      Summ           0%         N/A       91%         1
 Cigotuvi's Dreadful Rot  Necr/Pois/Air  0%         N/A       97%         2
 Ensorcelled Hibernation  Hex/Ice        0%         N/A       97%         2
 Lesser Beckoning         Tloc           0%         N/A       97%         2
 Momentum Strike          Conj/Tloc      0%         3d8       97%         2
 Passwall                 Tmut/Erth      0%         N/A       97%         2
 Poisonous Vapours        Pois/Air       0%         N/A       97%         2
 Scorch                   Fire           0%         2d5       97%         2
 Searing Ray              Conj           0%         2d4       97%         2
 Wereblood                Tmut           0%         N/A       97%         2
 Call Canine Familiar     Summ           0%         N/A       99%         3
 Confusing Touch          Hex            0%         N/A       99%         3
 Dazzling Flash           Conj/Hex       0%         N/A       99%         3
 Frozen Ramparts          Ice            0%         1d1       99%         3
 Gell's Gravitas          Tloc           0%         N/A       99%         3
 Hailstorm                Conj/Ice       0%         3d3       99%         3
 Ignite Poison            Fire/Tmut/Pois 0%         N/A       99%         3
 Inner Flame              Hex/Fire       0%         N/A       99%         3
 Ozocubu's Armour         Ice            0%         N/A       99%         3
 Portal Projectile        Hex/Tloc       0%         N/A       99%         3
 Stone Arrow              Conj/Erth      0%         3d7       99%         3
 Summon Guardian Golem    Hex/Summ       0%         N/A       99%         3
 Swiftness                Air            0%         N/A       99%         3
 Teleport Other           Tloc           0%         N/A       99%         3
 Vampiric Draining        Necr           0%         2d6       99%         3
 Vhi's Electric Charge    Tloc/Air       0%         N/A       99%         3
 Volatile Blastmotes      Fire/Tloc      0%         2d10      99%         3
 Airstrike                Air            0%         2d(0-16)  100%        4
 Anguish                  Hex/Necr       0%         N/A       100%        4
 Animate Armour           Summ/Erth      0%         N/A       100%        4
 Animate Dead             Necr           0%         N/A       100%        4
 Cause Fear               Hex            0%         N/A       100%        4
 Dispel Undead            Necr           0%         3d6       100%        4
 Flame Wave               Conj/Fire      0%         2d4       100%        4
 Fulminant Prism          Conj/Hex       0%         3d5       100%        4
 Iskenderun's Mystic Bla  Conj/Tloc      0%         2d3       100%        4
 Manifold Assault         Tloc           0%         N/A       100%        4
 Olgreb's Toxic Radiance  Pois           0%         N/A       100%        4
 Passage of Golubria      Tloc           0%         N/A       100%        4
 Petrify                  Tmut/Erth      0%         N/A       100%        4
 Sticky Flame             Conj/Fire      0%         2d3       100%        4
 Summon Ice Beast         Ice/Summ       0%         N/A       100%        4
 Summon Lightning Spire   Summ/Air       0%         N/A       100%        4
 Alistair's Intoxication  Tmut/Pois      0%         N/A       100%        5
 Arcjolt                  Conj/Air       0%         1d10      100%        5
 Borgnjor's Vile Clutch   Necr/Erth      0%         N/A       100%        5
 Fireball                 Conj/Fire      0%         3d3       100%        5
 Freezing Cloud           Conj/Ice/Air   0%         6-21      100%        5
 Irradiate                Conj/Tmut      0%         3d11      100%        5
 Iskenderun's Battlesphe  Conj           0%         2d6       100%        5
 Lee's Rapid Deconstruct  Erth           0%         3d4*      100%        5
 Metabolic Englaciation   Hex/Ice        0%         N/A       100%        5
 Silence                  Hex/Air        0%         N/A       100%        5
 Summon Forest            Summ/Tloc      0%         N/A       100%        5
 Conjure Ball Lightning   Conj/Air       0%         3x3d6     100%        6
 Death Channel            Necr           0%         N/A       100%        6
 Eringya's Noxious Bog    Tmut/Pois      0%         4d6       100%        6
 Leda's Unmaking          Conj/Erth      0%         9d1       100%        6
 Plasma Beam              Fire/Air       0%         2x1d10    100%        6
 Simulacrum               Ice/Necr       0%         N/A       100%        6
 Starburst                Conj/Fire      0%         6d3       100%        6
 Summon Cactus Giant      Summ           0%         N/A       100%        6
 Enfeeble                 Hex            0%         N/A       100%        7
 Haunt                    Necr/Summ      0%         N/A       100%        7
 Malign Gateway           Summ/Tloc      0%         N/A       100%        7
 Monstrous Menagerie      Summ           0%         N/A       100%        7
 Orb of Destruction       Conj           0%         9d5       100%        7
 Ozocubu's Refrigeration  Ice            0%         4d7       100%        7
 Spellforged Servitor     Conj/Summ      0%         N/A       100%        7
 Summon Hydra             Summ           0%         N/A       100%        7
 Borgnjor's Revivificati  Necr           0%         N/A       100%        8
 Discord                  Hex            0%         N/A       100%        8
 Disjunction              Tloc           0%         N/A       100%        8
 Ignition                 Fire           0%         3d3       100%        8
 Infestation              Necr           0%         N/A       100%        8
 Lehudib's Crystal Spear  Conj/Erth      0%         10d2      100%        8
 Maxwell's Capacitive Co  Air            0%         ∞         100%        8
 Summon Horrible Things   Summ           0%         N/A       100%        8
 Chain Lightning          Conj/Air       0%         N/A       100%        9
 Death's Door             Necr           0%         N/A       100%        9
 Dragon's Call            Summ           0%         N/A       100%        9
 Polar Vortex             Ice            0%         N/A       100%        9


Dungeon Overview and Level Annotations

Branches:
Dungeon (1/1)

Altars:
Ashenzari
Cheibriados
Dithmenos
Fedhas
Gozag
Hepliaklqana
Kikubaaqudgha
Makhleb
Nemelex Xobeh
Okawaru
Qazlal
Ru
Sif Muna
Trog
Uskayaw
Vehumet
Wu Jian
Xom
Yredelemnul
Jiyva
Lugonu


Innate Abilities, Weirdness & Mutations

You are mostly covered in sharp spines.
When seriously injured, your blood forms very thick armour. (AC +0)
Spells you cast and wands you use may paralyse nearby enemies.
Your touch may irresistibly damage your foes and sap their willpower.
You sometimes lose your temper in combat.
You are frail. (-10% HP)
You occasionally lose the ability to read scrolls when taking damage.


Message History

You rampage towards the blizzard demon!
You barely miss the blizzard demon. You slice the blizzard demon!!
The blizzard demon is severely wounded.
You block the blizzard demon's attack.
GONNNNG!
You block the blizzard demon's attack.
GONNNNG!
You hit the blizzard demon. You open a gate to Pandemonium!
A demon appears!
The blizzard demon is severely wounded.
You block the blizzard demon's attack.
PANG!
The blizzard demon hits you.
You slice the blizzard demon like a ripe choko!!!
You break out of your daze!
You kill the blizzard demon!
Qazlal accepts your kill.
Your rust devil is engulfed in freezing vapours.
There is a staircase leading out of the dungeon here.
You start resting.
HP restored.
Unknown command.
You start waiting.
Your rust devil is engulfed in a thunderstorm.
Unknown command.
You start waiting.
Your rust devil is engulfed in a thunderstorm.
Unknown command.
You start waiting.
Your rust devil is engulfed in a thunderstorm.
You kill your rust devil!
Your rust devil disappears in a puff of smoke!
Unknown command.
You start waiting.
Unknown command.
You start waiting.
You start waiting.
Done waiting.
You can't go down here!
You can't go down here!
You have escaped!

†)..........▓..▓.......▓..▓...8©8
............▓.▓.▓.....▓≈▓.▓..".|.
....†.......▓..▓....≈..▓..▓..|)")
....†.......▓≈≈...≈.......▓....†.
..†.........▓≈≈...≈©≈≈....▓....††
............▓▓▓▓▓▓▓▓▓▓▓▓▓▓▓...†.†
............▓8888888888888▓......
▓......≈▓≈..▓8).)§.......8▓..▓...
≈......≈....▓8§.@.○...©..8▓......
≈....≈.≈....▓8.○...).....8▓....©.
....©...≈...▓8888888888888▓▓▓▓▓▓▓
▓▓▓▓▓▓▓▓▓▓▓▓▓▓▓▓▓▓▓▓▓▓▓▓▓▓▓▓▓▓▓▓▓
....)8©8........▓....†)..8©8.....
.).=.)).==[..[).▓.[.)).|)=|:|...:
.=.|..)=..[)[=".▓.||[)..).=......
..:...):|"||[[).▓.))......)..=...
).....††........▓....:=.........)


There were no monsters in sight!

Vanquished Creatures
  19 pandemonium lords (D)
  A dread lich (D)
  An ancient lich (D)
  2 shard shrikes (D)
  4 shard shrikes (shapeshifter) (D)
  A profane servitor (D)
  3 doom hounds (D)
  A Tzitzimitl (D)
  3 glowing shapeshifters (D)
  4 Brimstone Fiends (D)
  4 hellephants (D)
  7 Ice Fiends (D)
  2 Hell Sentinels (D)
  3 liches (D)
  2 titans (shapeshifter) (D)
  12 titans (D)
  3 ancient champions (D)
  13 searing wretches (D)
  2 Executioners (D)
  An acid blob (shapeshifter) (D)
  4 shadow dragons (D)
  An azure jelly (D)
  13 narguns (D)
  2 iron dragons (D)
  13 fire giants (D)
  12 balrugs (D)
  2 quicksilver elementals (D)
  14 frost giants (D)
  6 ghouls (D)
  3 spriggan defenders (D)
  2 ironbound preservers (D)
  4 war gargoyles (D)
  14 stone giants (D)
  A vampire knight (D)
  2 dire elephants (D)
  2 lorocyprocas (D)
  2 putrid mouths (D)
  7 wendigos (D)
  2 iron golems (D)
  3 green deaths (D)
  An ettin (shapeshifter) (D)
  7 blizzard demons (D)
  A mummy priest (D)
  A yaktaur captain (D)
  10 ettins (D)
  A great orb of eyes (shapeshifter) (D)
  2 hydras (shapeshifter) (D)
  12 vault guards (D)
  An ice dragon (D)
  A salamander tyrant (D)
  7 hydras (D)
  11 spriggan air magi (D)
  2 catoblepae (D)
  2 hell beasts (D)
  A stoker (D)
  A boulder beetle (D)
  2 death scarabs (D)
  A two-headed ogre (shapeshifter) (D)
  4 death yaks (D)
  8 hell hogs (D)
  3 spriggan berserkers (D)
  A skyshark (shapeshifter) (D)
  A sun demon (D)
  A crystal echidna (D)
  A skeletal warrior (D)
  2 skysharks (D)
  A goliath frog (shapeshifter) (D)
  6 soul eaters (D)
  A cherub (D)
  3 spriggan druids (D)
  2 swamp dragons (shapeshifter) (D)
  A lindwurm (D)
  4 death drakes (shapeshifter) (D)
  A lindwurm (shapeshifter) (D)
  2 necromancers (D)
  2 orb spiders (shapeshifter) (D)
  A wizard (D)
  A large abomination (D)
  2 oklob plants (D)
  A shining eye (D)
  2 cyclopes (shapeshifter) (D)
  A wolf spider (shapeshifter) (D)
  A faun (shapeshifter) (D)
  2 shining eyes (shapeshifter) (D)
  A moth of wrath (shapeshifter) (D)
  8 cyclopes (D)
  6 black mambas (D)
  2 manticores (shapeshifter) (D)
  2 salamanders (shapeshifter) (D)
  2 cane toads (shapeshifter) (D)
  A torpor snail (D)
  3 elephants (D)
  2 eyes of devastation (D)
  A water nymph (shapeshifter) (D)
  An orange demon (D)
  An eye of devastation (shapeshifter) (D)
  15 cane toads (D)
  8 komodo dragons (D)
  3 rime drakes (D)
  A komodo dragon (shapeshifter) (D)
  2 ice devils (D)
  A guardian mummy (D)
  4 yaktaurs (D)
  7 hellions (D)
  2 red devils (D)
  A troll (shapeshifter) (D)
  A hellwing (D)
  A hornet (shapeshifter) (D)
  4 polar bears (D)
  2 hornets (D)
  3 merfolk (shapeshifter) (D)
  A wind drake (shapeshifter) (D)
  3 dream sheep (D)
  A raiju (shapeshifter) (D)
  6 blink frogs (D)
  A culicivora (shapeshifter) (D)
  A jumping spider (shapeshifter) (D)
  A slime creature (D)
  A flying skull (D)
  3 shadows (D)
  3 wyverns (D)
  2 yaks (shapeshifter) (D)
  3 basilisks (D)
  3 spriggans (D)
  A vampire (D)
  A ynoxinul (D)
  An ushabti (D)
  10 yaks (D)
  7 golden eyes (D)
  2 neqoxecs (D)
  2 hell hounds (D)
  A swamp worm (shapeshifter) (D)
  15 water moccasins (D)
  3 floating eyes (D)
  An ice beast (D)
  4 black bears (D)
  A black bear (shapeshifter) (D)
  10 wolves (D)
  3 bullfrogs (D)
  5 necrophages (D)
  4 wights (D)
  A small abomination (D)
  2 jellies (D)
  2 iguanas (D)
  A hell rat (D)
  10 mummies (D)
  A river rat (shapeshifter) (D)
  A river rat (D)
  An ufetubus (D)
  A spectral adder (D)
  An adder zombie (D)
  5 adder skeletons (D)
  An adder simulacrum (D)
  A bat skeleton (D)
  2 bat zombies (D)
  7 endoplasms (D)
  A ball python simulacrum (D)
  2 ball python skeletons (D)
  6 ball python zombies (D)
  2 bat simulacra (D)
  A giant cockroach zombie (D)
  A jackal zombie (D)
  A quokka simulacrum (D)
  2 quokka skeletons (D)
  A quokka zombie (D)
  A creeping inferno (D)
  6 fire vortices (D)
562 creatures vanquished.

Vanquished Creatures (collateral kills)
  A blink frog (D)
  A spriggan (D)
  A hell hound (D)
  A jackal zombie (D)
4 creatures vanquished.

Vanquished Creatures (others)
  A searing wretch (D)
  A sixfirhy (D)
  A large abomination (D)
  An endoplasm (D)
  A bat simulacrum (D)
5 creatures vanquished.

Grand Total: 571 creatures vanquished

Notes
Turn   | Place    | Note
-------+----------+-------------------------------------------
     0 | D        | HallandMoats the Demonspawn Monk began the quest for the
                  | Orb.
     0 | D        | Reached XP level 1. HP: 18/18 MP: 1/1
    18 | D        | Found a shimmering blue altar of Sif Muna.
    18 | D        | Found a sacrificial altar of Ru.
    18 | D        | Found a bloodstained altar of Trog.
    18 | D        | Found a stormy altar of Qazlal.
    18 | D        | Found an iron altar of Okawaru.
    18 | D        | Found a sparkling altar of Nemelex Xobeh.
    18 | D        | Found a blossoming altar of Fedhas.
    18 | D        | Found the +6 Majin-Bo {spellvamp, MP+6 Int+6}
    18 | D        | Found the +27 heavy crossbow "Sniper" {heavy, Acc+∞ SInv}
    18 | D        | Found the +10 dark maul {heavy}
    18 | D        | Found the +15 Maxwell's patent armour {-Cast -Tele rElec
                  | Will+ rCorr}
    18 | D        | Found the +18 shield of the Gong {Loud rN+ Will+ rCorr
                  | EV-5}
    18 | D        | Found the +16 obsidian axe {drain, demonic, Mesm Drain Fly
                  | SInv}
    18 | D        | Found the +7 great mace "Firestarter" {flame, immolate,
                  | rFlCloud rF++}
    18 | D        | Found the +6 shillelagh "Devastator" {shatter}
    18 | D        | Found the +11 plutonium sword {Contam Stlth-}
    18 | D        | Found the +8 lance "Wyrmbane" {slay drac, rPois rF+ rC+
                  | AC+3}
    18 | D        | Found the +9 sword of Zonguldrok {reap}
    18 | D        | Found the +13 scythe of Curses {drain, curses, Drain}
    18 | D        | Found the +9 sword of Power {lifebolt}
    18 | D        | Found the +7 mace of Variability {chaos, chaos arc}
    18 | D        | Found the +11 Singing Sword {sonic wave}
    18 | D        | Found the +8 storm bow {elec, penet}
    20 | D        | Found a transporter.
    20 | D        | Found an ancient bone altar of Kikubaaqudgha.
    20 | D        | Found a viscous altar of Jiyva.
    20 | D        | Found a corrupted altar of Lugonu.
    20 | D        | Found a hazy altar of Hepliaklqana.
    20 | D        | Found a burning altar of Makhleb.
    20 | D        | Found an opulent altar of Gozag.
    33 | D        | Became a worshipper of Qazlal Stormbringer
    33 | D        | Reached * piety under Qazlal
    33 | D        | Reached ** piety under Qazlal
    59 | D        | Gained mutation: Spells you cast may paralyse adjacent
                  | enemies. [demonic ancestry]
    59 | D        | Reached XP level 2. HP: 24/24 MP: 1/7
   121 | D        | Entered arena 2.
   121 | D        | Noticed a yaktaur
   121 | D        | Noticed a yaktaur
   121 | D        | Found a transporter.
   128 | D        | Killed a yaktaur
   129 | D        | Reached XP level 3. HP: 29/35 MP: 7/11
   129 | D        | Gained mutation: You are partially covered in sharp spines.
                  | [demonic ancestry]
   129 | D        | Reached XP level 4. HP: 34/41 MP: 8/13
   129 | D        | Reached XP level 5. HP: 39/47 MP: 8/14
   133 | D        | Killed a yaktaur
   134 | D        | Reached XP level 6. HP: 40/57 MP: 9/17
   137 | D        | Entered arena 3.
   137 | D        | Noticed a golden eye
   137 | D        | Found a transporter.
   140 | D        | Killed a golden eye
   141 | D        | Gained mutation: You are mostly covered in sharp spines.
                  | [demonic ancestry]
   141 | D        | Reached XP level 7. HP: 46/63 MP: 11/19
   141 | D        | Reached *** piety under Qazlal
   146 | D        | Got the ring "Kulab" {rC- rCorr Int+6 Stlth+}
   148 | D        | Entered arena 4.
   148 | D        | Noticed a spriggan
   148 | D        | Found a transporter.
   150 | D        | Killed a spriggan
   151 | D        | Reached **** piety under Qazlal
   153 | D        | Reached skill level 10 in Fighting
   153 | D        | Gained mutation: Your touch may inflict minor irresistible
                  | damage on your foes. [demonic ancestry]
   153 | D        | Reached XP level 8. HP: 55/72 MP: 13/21
   159 | D        | Entered arena 5.
   159 | D        | Found a transporter.
   171 | D        | Got the +5 pair of gloves of Bawkirr {Rampage rPois Will-}
   173 | D        | Got Osy Pecw's Spellbook of Familiar Outbursts
   181 | D        | Entered arena 6.
   181 | D        | Found the +8 demon trident "Rift" {distort, reach+}
   181 | D        | Found a transporter.
   184 | D        | Reached ***** piety under Qazlal
   196 | D        | Got the amulet "Ogomasis" {Reflect Contam Dex+6 SH+5}
   206 | D        | Entered arena 7.
   206 | D        | Noticed a wizard
   206 | D        | Noticed a yaktaur captain
   206 | D        | Noticed a slime creature
   206 | D        | Noticed an ironbound preserver
   206 | D        | Noticed a yaktaur
   206 | D        | Noticed an ironbound preserver
   207 | D        | Found a transporter.
   208 | D        | Killed a wizard
   208 | D        | Killed a yaktaur
   208 | D        | Killed an ironbound preserver
   208 | D        | Killed a slime creature
   208 | D        | Reached ****** piety under Qazlal
   209 | D        | Gained mutation: Spells you cast may paralyse nearby
                  | enemies. [demonic ancestry]
   209 | D        | Reached XP level 9. HP: 67/84 MP: 14/24
   213 | D        | Killed a yaktaur captain
   217 | D        | Killed an ironbound preserver
   218 | D        | Reached XP level 10. HP: 63/93 MP: 15/26
   308 | D        | Entered arena 8.
   308 | D        | Found the +8 Wrath of Trog {antimagic, *Rage Rampage}
   308 | D        | Noticed a spriggan rider
   308 | D        | Noticed a spriggan rider
   309 | D        | Found a transporter.
   331 | D        | Entered arena 9.
   331 | D        | Noticed an eye of devastation
   332 | D        | Found a transporter.
   338 | D        | Killed an eye of devastation
   553 | D        | Entered arena 10.
   553 | D        | Noticed a shining eye
   553 | D        | Noticed an eye of devastation
   554 | D        | Found a transporter.
   554 | D        | Paralysed by a floating eye for 3 turns
   561 | D        | Killed an eye of devastation
   561 | D        | Killed a shining eye
   562 | D        | Reached skill level 15 in Fighting
   671 | D        | Entered arena 11.
   672 | D        | Found a transporter.
   684 | D        | Got the amulet of Jealousy {Spirit Harm +Inv rC+++}
   703 | D        | Entered arena 12.
   703 | D        | Noticed a cane toad
   703 | D        | Noticed a cane toad
   703 | D        | Noticed a death yak
   705 | D        | Killed a cane toad
   705 | D        | Killed a cane toad
   705 | D        | Killed a death yak
   706 | D        | Reached skill level 27 in Invocations
   706 | D        | Reached XP level 11. HP: 107/107 MP: 19/28
   706 | D        | Found a transporter.
   709 | D        | Gained mutation: You occasionally lose the ability to read
                  | scrolls when taking damage. [mutagenic glow]
   720 | D        | Got the +3 helmet of Coycsuv {Rampage}
   739 | D        | Entered arena 13.
   740 | D        | Found a transporter.
   743 | D        | Reached skill level 1 in Armour
   743 | D        | Reached skill level 1 in Shields
   743 | D        | Reached skill level 1 in Shapeshifting
   754 | D        | Got the amulet of the Good {Faith -Cast rElec rPois}
   761 | D        | Got the Almanac of Sinister Shapes
   797 | D        | Entered arena 14.
   797 | D        | Noticed a blizzard demon
   798 | D        | Noticed an ice dragon
   798 | D        | Noticed a blizzard demon
   798 | D        | Noticed a blizzard demon
   798 | D        | Noticed a frost giant
   799 | D        | Killed a blizzard demon
   799 | D        | Killed a blizzard demon
   799 | D        | Killed an ice dragon
   799 | D        | Killed a blizzard demon
   799 | D        | Killed a frost giant
   800 | D        | Reached skill level 5 in Axes
   800 | D        | Reached skill level 5 in Dodging
   800 | D        | Reached skill level 5 in Shapeshifting
   800 | D        | Gained mutation: Your touch may inflict irresistible damage
                  | on your foes. [demonic ancestry]
   800 | D        | Reached XP level 12. HP: 107/116 MP: 17/29
   800 | D        | Found a transporter.
   805 | D        | Got the +0 cloak "Ixtol" {*Slow Str+5}
   809 | D        | Got the Precepts of the Frigid Tesseract
   813 | D        | Got the Tome of Transportation and Shades
   822 | D        | Acquired 807 gold pieces
   824 | D        | Acquired 562 gold pieces
   856 | D        | Entered arena 15.
   857 | D        | Noticed a five-headed hydra
   857 | D        | Noticed a spriggan air mage
   857 | D        | Found the +5 demon whip "Spellbinder" {antimagic, disrupt,
                  | Will+}
   858 | D        | Killed a spriggan air mage
   858 | D        | Killed a five-headed hydra
   859 | D        | Reached skill level 5 in Armour
   859 | D        | Reached skill level 5 in Shields
   859 | D        | Found a transporter.
   897 | D        | Entered arena 16.
   897 | D        | Noticed an iron golem
   897 | D        | Noticed an iron dragon
   897 | D        | Noticed an ancient champion
   897 | D        | Noticed an ancient champion
   897 | D        | Noticed a war gargoyle
   897 | D        | Noticed an iron dragon
   898 | D        | Noticed an iron golem
   898 | D        | Noticed a war gargoyle
   898 | D        | Noticed an ancient champion
   898 | D        | Noticed a quicksilver elemental
   898 | D        | Noticed a war gargoyle
   898 | D        | Noticed a war gargoyle
   898 | D        | Noticed a quicksilver elemental
   899 | D        | Killed a war gargoyle
   899 | D        | Killed a war gargoyle
   899 | D        | Killed a war gargoyle
   899 | D        | Killed a quicksilver elemental
   899 | D        | Killed an ancient champion
   899 | D        | Killed a war gargoyle
   899 | D        | Killed an ancient champion
   899 | D        | Killed an iron dragon
   899 | D        | Killed an iron dragon
   899 | D        | Killed a quicksilver elemental
   899 | D        | Killed an ancient champion
   900 | D        | Gained mutation: Your touch may irresistibly damage your
                  | foes and sap their willpower. [demonic ancestry]
   900 | D        | Reached XP level 13. HP: 122/125 MP: 21/30
   900 | D        | Killed an iron golem
   900 | D        | Killed an iron golem
   901 | D        | Found a transporter.
   915 | D        | Got the Elucidation of Fog
   978 | D        | Entered arena 17.
   980 | D        | Identified the +4 plate armour of the Forging Gods {-Cast
                  | rElec Will- rCorr}
   980 | D        | Identified the +9 mace "Impbane" {distort, rC+ Int+3 Dex+2}
   981 | D        | Noticed a lich
   981 | D        | Noticed a shadow dragon
   981 | D        | Identified the +1 shortbow "Ykueseypn" {antimagic, Dex+3}
   982 | D        | Killed a lich
   982 | D        | Killed a shadow dragon
   983 | D        | Reached skill level 10 in Axes
   983 | D        | Reached skill level 10 in Dodging
   983 | D        | Found a transporter.
  1020 | D        | Got Bitaeta's Almanac of the Autopsy
  1023 | D        | Entered arena 18.
  1026 | D        | Noticed a mummy priest
  1027 | D        | Killed a mummy priest
  1029 | D        | Found a transporter.
  1036 | D        | Got A Primer on Hermeneutics
  1168 | D        | Entered arena 19.
  1170 | D        | Noticed a hellephant
  1170 | D        | Noticed a fire giant
  1170 | D        | Noticed a balrug
  1171 | D        | Noticed a searing wretch
  1171 | D        | Noticed a fire giant
  1171 | D        | Noticed a fire giant
  1171 | D        | Noticed a searing wretch
  1171 | D        | Noticed a fire giant
  1171 | D        | Noticed a fire giant
  1171 | D        | Noticed a fire giant
  1171 | D        | Noticed a searing wretch
  1171 | D        | Noticed a searing wretch
  1172 | D        | Killed a fire giant
  1172 | D        | Killed a fire giant
  1172 | D        | Killed a fire giant
  1172 | D        | Killed a fire giant
  1172 | D        | Killed a searing wretch
  1172 | D        | Killed a fire giant
  1172 | D        | Killed a searing wretch
  1172 | D        | Killed a balrug
  1172 | D        | Killed a hellephant
  1172 | D        | Killed a fire giant
  1172 | D        | Killed a searing wretch
  1172 | D        | Killed a searing wretch
  1173 | D        | Reached XP level 14. HP: 116/136 MP: 17/31
  1173 | D        | Found a transporter.
  1181 | D        | Got the +2 pair of boots "Duob" {Drain Str+10 Int-4 SInv}
  1201 | D        | Got the amulet "Buarih" {rPois Regen+}
  1214 | D        | Got Paveig's Encyclopedia of Searing Location
  1232 | D        | Entered arena 20.
  1236 | D        | Noticed a vampire knight
  1237 | D        | Noticed a lich
  1237 | D        | Identified the staff of Suicidal Tendencies {*Corrode rElec
                  | rF+ Str+2 Fire}
  1238 | D        | Killed a vampire knight
  1238 | D        | Killed a lich
  1240 | D        | Found a transporter.
  1285 | D        | Entered arena 21.
  1288 | D        | Noticed Loheasor the pandemonium lord
  1288 | D        | Noticed Qoxyhe the pandemonium lord
  1288 | D        | Noticed a balrug
  1289 | D        | Killed a balrug
  1289 | D        | Noticed Gilaitea the pandemonium lord
  1289 | D        | Noticed Ezysum the pandemonium lord
  1290 | D        | Killed a Brimstone Fiend
  1290 | D        | Killed Loheasor the pandemonium lord
  1290 | D        | Killed Qoxyhe the pandemonium lord
  1290 | D        | Noticed Etin the pandemonium lord
  1291 | D        | Reached skill level 15 in Shapeshifting
  1291 | D        | Reached XP level 15. HP: 146/146 MP: 15/32
  1292 | D        | Noticed Jaanitsa the pandemonium lord
  1292 | D        | Noticed Ilesa the pandemonium lord
  1292 | D        | Noticed Jiexzos the pandemonium lord
  1293 | D        | Noticed Metsurhimo the pandemonium lord
  1293 | D        | Noticed Ocsuro the pandemonium lord
  1293 | D        | Noticed Heumepas the pandemonium lord
  1293 | D        | Noticed Itinuo the pandemonium lord
  1293 | D        | Noticed Sawuegaby the pandemonium lord
  1293 | D        | Noticed Kupa the pandemonium lord
  1293 | D        | Noticed Caom the pandemonium lord
  1294 | D        | Killed Ilesa the pandemonium lord
  1294 | D        | Killed Ezysum the pandemonium lord
  1294 | D        | Killed Gilaitea the pandemonium lord
  1294 | D        | Killed Itinuo the pandemonium lord
  1294 | D        | Killed Metsurhimo the pandemonium lord
  1294 | D        | Found the +1 robe of Vines {NoPotionHeal Regen++++}
  1295 | D        | Killed Etin the pandemonium lord
  1295 | D        | Killed Heumepas the pandemonium lord
  1295 | D        | Killed Kupa the pandemonium lord
  1295 | D        | Killed Sawuegaby the pandemonium lord
  1295 | D        | Killed Jiexzos the pandemonium lord
  1295 | D        | Killed Ocsuro the pandemonium lord
  1295 | D        | Killed Caom the pandemonium lord
  1296 | D        | Reached skill level 15 in Axes
  1298 | D        | Noticed Fynareah the pandemonium lord
  1305 | D        | Killed Jaanitsa the pandemonium lord
  1306 | D        | Reached skill level 15 in Dodging
  1307 | D        | Found a transporter.
  1309 | D        | Killed Fynareah the pandemonium lord
  1310 | D        | Gained mutation: When seriously injured, your blood forms
                  | armour. (AC +0) [demonic ancestry]
  1310 | D        | Reached XP level 16. HP: 79/157 MP: 4/33
  1322 | D        | Got the Incunable of the Arcane
  1347 | D        | Got the ring of the Princeling {rF+ rC+ Str+3}
  1350 | D        | Got the Directory of Poisonous Electrocution
  1356 | D        | Got the ring of the Gastropod {Fly rF+++ rCorr Str-4 Int-5}
  1452 | D        | Entered arena 22.
  1455 | D        | Noticed a doom hound
  1456 | D        | Noticed a shadow dragon
  1456 | D        | Noticed a shadow dragon
  1456 | D        | Noticed a doom hound
  1456 | D        | Noticed a doom hound
  1456 | D        | Noticed a shadow dragon
  1457 | D        | Killed a shadow dragon
  1457 | D        | Killed a shadow dragon
  1457 | D        | Killed a doom hound
  1458 | D        | Reached skill level 15 in Armour
  1458 | D        | Reached skill level 15 in Shields
  1458 | D        | Killed a doom hound
  1458 | D        | Killed a shadow dragon
  1458 | D        | Killed a doom hound
  1467 | D        | Found a transporter.
  1542 | D        | Entered arena 23.
  1547 | D        | Noticed a hellephant
  1547 | D        | Noticed a searing wretch
  1547 | D        | Noticed a hellephant
  1547 | D        | Noticed a searing wretch
  1547 | D        | Noticed a searing wretch
  1548 | D        | Killed a searing wretch
  1548 | D        | Killed a hellephant
  1548 | D        | Killed a Brimstone Fiend
  1548 | D        | Killed a searing wretch
  1549 | D        | Noticed a searing wretch
  1549 | D        | Noticed a searing wretch
  1549 | D        | Noticed a searing wretch
  1549 | D        | Noticed a searing wretch
  1550 | D        | Killed a searing wretch
  1550 | D        | Killed a searing wretch
  1550 | D        | Killed a searing wretch
  1550 | D        | Killed a searing wretch
  1550 | D        | Killed a hellephant
  1550 | D        | Killed a Brimstone Fiend
  1550 | D        | Killed a searing wretch
  1550 | D        | Killed a hellephant
  1551 | D        | Killed a searing wretch
  1551 | D        | Noticed a Brimstone Fiend
  1552 | D        | Noticed a searing wretch
  1553 | D        | Found the +5 glaive of the Guard {elec, spectral, AC+5}
  1553 | D        | Found a transporter.
  1553 | D        | Noticed a searing wretch
  1553 | D        | Noticed a dread lich
  1554 | D        | Killed a Brimstone Fiend
  1555 | D        | Gained mutation: When seriously injured, your blood forms
                  | thick armour. (AC +0) [demonic ancestry]
  1555 | D        | Reached XP level 17. HP: 151/169 MP: 1/34
  1556 | D        | Killed a searing wretch
  1557 | D        | Killed a dread lich
  1557 | D        | Killed a searing wretch
  1564 | D        | Got Vogeggiu's Volume of Correspondence and Damage
  1631 | D        | Entered arena 24.
  1635 | D        | Noticed a shard shrike
  1636 | D        | Noticed an Ice Fiend
  1636 | D        | Noticed an Ice Fiend
  1636 | D        | Noticed an Ice Fiend
  1637 | D        | Killed an Ice Fiend
  1637 | D        | Killed an Ice Fiend
  1637 | D        | Killed an Ice Fiend
  1637 | D        | Killed an Ice Fiend
  1638 | D        | Killed a shard shrike
  1639 | D        | Noticed an Ice Fiend
  1639 | D        | Noticed an Ice Fiend
  1639 | D        | Noticed a shard shrike
  1640 | D        | Killed an Ice Fiend
  1640 | D        | Killed an ancient lich
  1640 | D        | Killed a shard shrike
  1641 | D        | Killed an Ice Fiend
  1645 | D        | Found a transporter.
  1672 | D        | Got the Vellum of the Changed Gathering
  1678 | D        | Got the ring of the Leaf {Contam rPois MP+9 Int+4 Stlth+}
  1777 | D        | Got the ring "Hejemose" {Drain rPois rN+ Str+6}
  1785 | D        | Entered arena 25.
  1791 | D        | Identified the +5 flail "Ytofoe" {antimagic, rF+ Dex+4}
  1793 | D        | Gained mutation: When seriously injured, your blood forms
                  | very thick armour. (AC +0) [demonic ancestry]
  1793 | D        | Reached XP level 18. HP: 130/181 MP: 17/35
  1795 | D        | Reached skill level 27 in Fighting
  1801 | D        | Found the +4 consecrated labrys {holy, Valiant Fragile Fly
                  | SInv}
  1808 | D        | Found a transporter.
  2054 | D        | Got the ring "Qemiv" {rElec rPois rF+ Str+3 Int-3 Dex+3}
  2111 | D        | Entered arena 26.
  2133 | D        | Found a transporter.
  2280 | D        | Entered arena 27.
  2288 | D        | Noticed a shard shrike
  2288 | D        | Noticed a shard shrike
  2288 | D        | Found the necklace of Bloodlust {Fury *Rage Will++ Int-3
                  | Slay+6}
  2288 | D        | Gained mutation: You are frail. (-10% HP) [a shining eye]
  2289 | D        | Killed a shard shrike
  2289 | D        | Killed a shard shrike
  2290 | D        | Noticed a shard shrike
  2291 | D        | Found a transporter.
  2291 | D        | Gained mutation: You sometimes lose your temper in combat.
                  | [a shining eye]
  2292 | D        | Killed a shard shrike
  2294 | D        | Noticed a shard shrike
  2298 | D        | Killed a shard shrike
  2364 | D        | Entered arena 28.
  2375 | D        | Reached skill level 27 in Shapeshifting
  2375 | D        | Reached XP level 19. HP: 170/170 MP: 27/36
  2375 | D        | Identified the ring "Unoemoi" {Ice rPois Dex+5}
  2381 | D        | Found a transporter.
  2584 | D        | Got the Orb of Zot
  3270 | D        | Noticed Plog the pandemonium lord
  3274 | D        | Killed Plog the pandemonium lord
  3580 | D        | Noticed Cobbemp the pandemonium lord
  3593 | D        | Killed Cobbemp the pandemonium lord
  3594 | D        | Reached skill level 27 in Axes
  3877 | D        | Noticed a Tzitzimitl
  3879 | D        | Killed a Tzitzimitl
  3880 | D        | Reached skill level 27 in Dodging
  4029 | D        | Noticed a profane servitor
  4039 | D        | Killed a profane servitor
  4040 | D        | Reached skill level 27 in Armour
  4997 | D        | Reached skill level 27 in Shields
  5074 | D        | Reached skill level 5 in Stealth
  5278 | D        | Noticed Guores the pandemonium lord
  5292 | D        | Killed Guores the pandemonium lord
  5293 | D        | Gained mutation: Spells you cast and wands you use may
                  | paralyse nearby enemies. [demonic ancestry]
  5293 | D        | Reached XP level 20. HP: 177/177 MP: 37/37
  5526 | D        | Escaped with the Orb!

Illustrated notes

Levels and vault maps discovered:
D:        sprint_v [room_start, room_1, room_2, room_3, room_4, room_5, room_6,
          room_7, room_8, room_9, room_10, room_11, room_12, room_13, room_14,
          room_15, room_16, room_17, room_18, room_19, room_20, room_21,
          room_22, room_23, room_24, room_25, room_26, room_27]

Skill      XL: |  1  2  3  4  5  6  7  8  9 10 11 12 13 14 15 16 17 18 19 |
---------------+----------------------------------------------------------+-----
Invocations    | 9 14 16 17 18 22 24 27 | 27.0
Fighting       | 6 8 10 12 13 17 18 19 20 21 23 25 26 27 | 27.0
Axes           | 5 8 12 13 15 18 20 24 27 | 27.0
Armour         | 4 8 11 12 14 17 19 23 27 | 27.0
Dodging        | 5 8 11 13 15 17 20 24 27 | 27.0
Shields        | 4 8 11 12 14 17 19 23 27 | 27.0
Shapeshifting  | 5 9 13 15 18 21 24 27 | 27.0
Stealth        | 9 |  9.8

Action                     |  1- 3 |  4- 6 |  7- 9 | 10-12 | 13-15 | 16-18 | 19-21 || total
---------------------------+-------+-------+-------+-------+-------+-------+-------++-------
  Melee: Broad axe         |     2 |     5 |    25 |    23 |    11 |    30 |   119 ||   215
 Invoke: Disaster Area     |       |       |     1 |     4 |    10 |    19 |     5 ||    39
         Upheaval          |       |       |       |       |       |     2 |       ||     2
    Use: Potion            |     4 |       |     1 |       |     5 |     4 |     2 ||    16
         Scroll            |       |       |       |     2 |       |     8 |       ||    10
   Stab: Invisible         |       |       |     3 |       |       |       |       ||     3
         Distracted        |       |       |       |     1 |       |       |       ||     1
         Petrified         |       |       |       |       |     7 |       |       ||     7
 Armour: Gold dragon scale |       |     1 |     3 |    17 |       |     6 |    13 ||    40
  Dodge: Dodged            |       |       |       |     1 |     1 |     3 |    10 ||    15
         Repelled          |       |       |       |       |       |     1 |       ||     1
  Block: Kite shield       |    12 |     2 |    28 |    47 |    10 |    46 |    98 ||   243
         Reflection        |       |       |     4 |       |       |       |       ||     4

Table legend: (Time is in decaauts)
 A = Elapsed time spent in this place.
 B = Non-inter-level travel time spent in this place.
 C = Inter-level travel time spent in this place.
 D = Time resting spent in this place.
 E = Time spent auto-exploring this place.
 F = Levels seen in this place.
 G = Mean time per level.
                   A        B        C        D        E       F      G
               +--------+--------+--------+--------+--------+-----+--------+
         Total |   5446 |   5446 |      0 |   3999 |      0 |   1 | 5446.0 |
       Dungeon |   5446 |   5446 |      0 |   3999 |      0 |   1 | 5446.0 |
               +--------+--------+--------+--------+--------+-----+--------+

Top non-repeatable levels by time:
       D: 5446 daAuts
